 Dungeon Crawl Stone Soup version 0.18-a0-1078-gebb93d0 (webtiles) character file.

375 nuthulu the Skirmisher (level 6, -6/41 HPs)
             Began as a Gargoyle Fighter on Jan 14, 2016.
             Mangled by Menkaure (15 damage)
             ... on level 4 of the Dungeon.
             The game lasted 00:05:16 (2934 turns).

nuthulu the Skirmisher (Gargoyle Fighter)           Turns: 2934, Time: 00:05:16

Health: -6/41      AC: 11    Str: 19    XL:     6   Next: 73%
Magic:  6/6        EV:  7    Int:  9    God:
Gold:   196        SH: 11    Dex: 11    Spells: 0 memorised, 5 levels left

rFire  . . .     SeeInvis .     a - +0 flail
rCold  . . .     Gourm    .     b - +0 scale mail
rNeg   + . .     Faith    .     c - +2 shield
rPois  ∞         Spirit   .     (no helmet)
rElec  +         Dismiss  .     (no cloak)
rCorr  .         Reflect  .     (no gloves)
SustAt .         Harm     .     (no boots)
MR     .....                    (no amulet)
Stlth  ..........               (no ring)
                                (no ring)

@: not resistant to hostile enchantments, extremely unstealthy
A: negative energy resistance 1, electricity resistance, unbreathing,
petrification resistance, rot immunity, AC +4
a: no special abilities


You were on level 4 of the Dungeon.
You were hungry.

You visited 2 branches of the dungeon, and saw 5 of its levels.

You collected 196 gold pieces.

Inventory:

Hand Weapons
 a - a +0 flail (weapon)
Armour
 b - a +0 scale mail (worn)
 c - a +2 shield (worn)
Jewellery
 j - a +3 ring of dexterity {unknown}
 k - an uncursed amulet of the gourmand {unknown}
 p - an uncursed ring of ice {unknown}
Scrolls
 o - 2 scrolls of magic mapping
Potions
 d - a potion of heal wounds
 e - 2 potions of curing
 g - a potion of brilliance {unknown}
 i - a potion of mutation {unknown}
 l - a potion of poison {unknown}
 n - a potion of agility {unknown}
 q - a potion of resistance {unknown}
 r - a potion of magic {unknown}
Comestibles
 f - 2 bread rations
 h - 2 meat rations
 m - 3 fruits


   Skills:
 + Level 5.9 Fighting
 + Level 5.2 Maces & Flails
 - Level 3.2 Armour
 - Level 3.2 Shields


You had 5 spell levels left.
You didn't know any spells.

Dungeon Overview and Level Annotations

Branches:
Dungeon (4/15)             Temple (1/1) D:4

Altars:
Cheibriados
Dithmenos
Elyvilon
Fedhas
Gozag
Kikubaaqudgha
Makhleb
Nemelex Xobeh
Ru
Sif Muna
Trog
Vehumet
Xom

Annotations:
D:4 Menkaure


Innate Abilities, Weirdness & Mutations

You are resistant to torment.
Your stone body is resilient (AC +4).
You are immune to poison.
You resist negative energy.
You are resistant to electric shocks.
You can survive without breathing.
You are immune to petrification.
You are immune to rotting.


Message History

The giant cockroach bites you but does no damage.
You hit Menkaure.
Menkaure is almost destroyed.
The giant cockroach closely misses you. You block Menkaure's attack.
You barely miss Menkaure.
Menkaure is almost destroyed.
You block Menkaure's attack. You block the giant cockroach's attack.
Menkaure calls on the powers of darkness!
The giant cockroach convulses!
Your body is wracked with pain!
* * * LOW HITPOINT WARNING * * *
The giant cockroach bites you but does no damage.
You barely miss Menkaure.
Menkaure is almost destroyed.
You block the giant cockroach's attack. Menkaure hits you.
* * * LOW HITPOINT WARNING * * *
Unknown command.
Your shield prevents you from hitting Menkaure.
Menkaure is almost destroyed.
Menkaure hits you!
You die...

#..⌠..>..⌠...###..###
##....................
#..###...####......#
##.## #.⌠.# #.......#
#..# ##...# #.......#
#..###.##.# ###.....#
#......##.# #.....###
###.......# #.##.##
#.####### #@# .# #.#
#....M.s..# #.#
#.##.........# #.#
...........# #.#
............# #.#
......?.......# #.#
...?..........# ..#
..............#


You could see Menkaure and a giant cockroach.

Vanquished Creatures
  Sigmund (D:3)
  A hound (D:2)
  Jessica (D:2)
  Natasha (D:2)
  A worker ant (D:4)
  2 adders (D:2)
  2 oozes
  3 worms
  A giant gecko (D:2)
  6 orcs
  4 bats
  3 giant cockroaches
  6 goblins
  7 hobgoblins
  6 kobolds
  7 giant newts
  15 rats
67 creatures vanquished.

Notes
Turn   | Place    | Note
--------------------------------------------------------------
     0 | D:1      | nuthulu the Gargoyle Fighter began the quest for the Orb.
     0 | D:1      | Reached XP level 1. HP: 14/14 MP: 1/1
   213 | D:1      | Reached XP level 2. HP: 17/19 MP: 2/2
   877 | D:2      | Noticed Jessica
   887 | D:2      | Killed Jessica
   887 | D:2      | Reached skill level 4 in Fighting
   887 | D:2      | Reached XP level 3. HP: 7/24 MP: 3/3
  1101 | D:2      | Found a burning altar of Makhleb.
  1122 | D:2      | Reached XP level 4. HP: 20/30 MP: 4/4
  1643 | D:2      | Reached XP level 5. HP: 34/34 MP: 5/5
  1765 | D:2      | Noticed Natasha
  1771 | D:2      | Killed Natasha
  2005 | D:3      | Noticed Sigmund
  2019 | D:3      | Killed Sigmund
  2019 | D:3      | Reached skill level 5 in Fighting
  2019 | D:3      | Reached skill level 5 in Maces & Flails
  2019 | D:3      | Reached XP level 6. HP: 23/41 MP: 6/6
  2321 | D:3      | Found an opulent altar of Gozag.
  2794 | D:4      | Found a staircase to the Ecumenical Temple.
  2810 | Temple   | Entered the Ecumenical Temple
  2922 | D:4      | Noticed Menkaure
  2934 | D:4      | Mangled by Menkaure

Vault maps used:
D:1:      lightli_arrival_statuegarden
D:2:      makhleb_heckhound_becter, first_bread, uniq_jessica, uniq_natasha
D:3:      nicolae_gozag_cash_rules_everything_around_me, uniq_sigmund
D:4:      nicolae_overflow_crystal_walls, nicolae_overflow_quartered_altars,
          minmay_temple_entry_junction, serial_shops, nicolae_shop_behind_doors,
          uniq_pikel, uniq_edmund, uniq_menkaure
Temple:   triangle_lava_temple_11

Action                   |  1- 3 |  4- 6 || total
-------------------------+-------+-------++-------
Melee: Flail             |   110 |   146 ||   256
  Use: Scroll            |     5 |     6 ||    11
       Potion            |       |     1 ||     1
  Eat: Chunk             |     1 |     5 ||     6
